 Dungeon Crawl Stone Soup version 0.31-a0-271-gb88eb75e06 (webtiles) character file.

Game seed: 6882393692599499830

826 LeprechaunX the Changeling (level 7, -1/48 HPs)
             Began as an Octopode Shapeshifter on July 14, 2023.
             Slain by a jelly (2 damage)
             ... on level 5 of the Dungeon.
             The game lasted 00:04:42 (3294 turns).

LeprechaunX the Changeling (Octopode Shapeshifter)  Turns: 3294, Time: 00:04:42

Health: -1/48      AC: -11   Str: 16    XL:     7   Next: 96%
Magic:  7/7        EV: 14    Int: 11    God:
Gold:   219        SH:  0    Dex: 12    Spells: 6/6 levels left

rFire   . . .        i - +1 short sword (speed)
rCold   . . .        (no shield)
rNeg    . . .        (helmet currently unavailable)
rPois   .            k - amulet of the acrobat
rElec   .            (no ring)
rCorr   .            (no ring)
SInv    .            (no ring)
Will    .....        (no ring)
Stlth   ++           (no ring)
HPRegen 0.28/turn    (no ring)
MPRegen 0.10/turn    (no ring)
                     (no ring)

%: acrobat
@: beast-form, corroded
A: beast (slay +3), almost no armour, amphibious, 8 rings, camouflage 1,
gelatinous body 1, (nimble swimmer 1), tentacles
a: Begin Untransformation


You were on level 5 of the Dungeon.
You were a hulking beast.
You visited 1 branch of the dungeon, and saw 5 of its levels.

You collected 219 gold pieces.

Inventory:

Hand Weapons
 i - a +1 short sword of speed (weapon)
Missiles
 o - 4 poisoned darts (quivered)
Jewellery
 k - an amulet of the acrobat (around mantle)
 v - a ring of willpower
 x - an amulet of faith
Talismans
 b - a beast talisman
Wands
 u - a wand of paralysis (7)
Scrolls
 d - 2 scrolls of blinking {unknown}
 e - 5 scrolls of identify {unknown}
 f - a scroll of immolation {unknown}
 j - 2 scrolls of enchant armour {unknown}
 q - a scroll of poison {unknown}
 s - a scroll of fear {unknown}
 t - a scroll of fog {unknown}
 w - 2 scrolls of teleportation {unknown}
Potions
 a - a potion of lignification
 c - a potion of might {unknown}
 g - 2 potions of attraction {unknown}
 h - a potion of haste {unknown}
 l - a potion of enlightenment {unknown}
 m - a potion of brilliance {unknown}
 n - a potion of degeneration {unknown}
 p - 2 potions of ambrosia {unknown}
 r - 2 potions of magic {unknown}
 z - a potion of curing {unknown}


   Skills:
 + Level 4.2 Fighting
 + Level 4.3 Dodging
 + Level 4.2 Unarmed Combat
 * Level 5.4 Shapeshifting


You had 6 spell levels left.
You didn't know any spells.
Your spell library contained the following spells:

 Spells                   Type           Power      Damage    Failure   Level
 Lesser Beckoning         Tloc           0%         N/A       47%         2
 Call Canine Familiar     Summ           0%         N/A       71%         3
 Gell's Gravitas          Tloc           0%         N/A       71%         3
 Portal Projectile        Hex/Tloc       0%         N/A       71%         3
 Teleport Other           Tloc           0%         N/A       71%         3
 Leda's Liquefaction      Hex/Erth       0%         N/A       98%         4


Dungeon Overview and Level Annotations

Branches:
Dungeon (5/15)
 Temple: D:4-7

Altars:

Shops:
D:2 *

Annotations:
D:4 3 runed translucent doors, Fractals's ghost, novice DrSh
D:5 2 runed translucent doors, salammoniac's ghost, novice TrSh


Innate Abilities, Weirdness & Mutations

You are a hulking beast.
Your limbs bulge with bestial killing power. (Slay +3)
You cannot wear most types of armour.
You are amphibious.
You can wear up to eight rings at the same time.
Your skin changes colour to match your surroundings (Stealth+).
Your rubbery body absorbs attacks. (AC +1, EV +1)
((You are camouflaged when in or above water. (Stealth+)))
You have tentacles for arms and can constrict up to eight enemies at once.


Message History

You constrict the scorpion.
You kill the scorpion!
No target in view!
No target in view!
You open the door.
There is a stone staircase leading down here.
x - an amulet of faith You open the door.
There is an open door here.
Found a spear.
z - a murky ruby potion A jelly comes into view.
A jelly is nearby!
A jelly is nearby!
You barely miss the jelly. The jelly hits you. The acid corrodes you!
You are splashed with acid!
You hit the jelly.
Your tentacles burn!
The jelly is moderately wounded.
You hit the jelly. The acid corrodes you!
Your tentacles burn!
The jelly is heavily wounded.
The jelly jiggles.
The jelly hits you.
You are splashed with acid.
You are too injured to fight recklessly!
You are too injured to fight recklessly!
You are too injured to fight recklessly!
You are too injured to fight recklessly!
You hit the jelly.
Your tentacles burn!
The jelly is severely wounded.
You hit the jelly but do no damage. The acid corrodes you!
Your tentacles burn!
The jelly is severely wounded.
The jelly hits you.
* * * LOW HITPOINT WARNING * * *
You are splashed with acid!
* * * LOW HITPOINT WARNING * * *
The jelly attacks as you move away! The jelly closely misses you.
You hit the jelly but do no damage.
Your tentacles burn!
* * * LOW HITPOINT WARNING * * *
The jelly is severely wounded.
The jelly hits you.
You die...

###
.........#.##.#####.#
####
#.#.......#..........#
...#
....##########.###.#.#
...# ... #.# #.#.#
..### #. #.###.#.#
..... ##.#####
###.....#.# .....
#.....!# #.........# #
# #......# #.#########
# '###....Jh# #.#
.........## #.# #
.....###.# #.# # ...
#.# #.# # . #.######.#
# #........# #
##########


You could see a jelly.

Vanquished Creatures
  A black bear (D:5)
  An ogre (D:4)
  A phantom (D:3)
  3 scorpions (D:5)
  An orc priest (D:4)
  Jessica (D:2)
  5 iguanas
  An orc wizard (D:4)
  4 gnolls (D:3)
  7 adders
  A worm (D:2)
  A dart slug (D:1)
  8 orcs
  2 bats
  7 endoplasms
  2 giant cockroaches
  6 goblins
  8 hobgoblins
  3 jackals (D:4)
  10 kobolds
  5 quokkas
  4 ball pythons
  4 frilled lizards (D:1)
  3 rats
89 creatures vanquished.

Notes
Turn   | Place    | Note
-------+----------+-------------------------------------------
     0 | D:1      | LeprechaunX the Octopode Shapeshifter began the quest for
                  | the Orb.
     0 | D:1      | Reached XP level 1. HP: 14/14 MP: 1/1
    79 | D:1      | Reached XP level 2. HP: 16/19 MP: 2/2
   813 | D:2      | Found Ymouqux's Assorted Antiques.
   815 | D:2      | Reached XP level 3. HP: 24/24 MP: 3/3
   972 | D:2      | Found a faded altar of an unknown god.
  1045 | D:2      | Noticed Jessica
  1052 | D:2      | Killed Jessica
  1053 | D:2      | Reached XP level 4. HP: 26/30 MP: 4/4
  1470 | D:3      | Noticed a phantom
  1615 | D:3      | Killed a phantom
  1616 | D:3      | Reached skill level 4 in Shapeshifting
  1616 | D:3      | Reached XP level 5. HP: 36/36 MP: 5/5
  1691 | D:3      | Reached XP level 6. HP: 32/42 MP: 6/6
  2237 | D:4      | Found a runed translucent gate.
  2237 | D:4      | Found a runed translucent gate.
  2237 | D:4      | Found a runed translucent gate.
  2240 | D:4      | Noticed Fractals's ghost (novice DrSh)
  2427 | D:4      | Reached XP level 7. HP: 26/46 MP: 7/7
  2741 | D:5      | Entered Level 5 of the Dungeon
  2916 | D:5      | Reached skill level 5 in Shapeshifting
  3068 | D:5      | Found a large runed translucent door.
  3068 | D:5      | Found a large runed translucent door.
  3072 | D:5      | Noticed salammoniac's ghost (novice TrSh)
  3294 | D:5      | HP: 1/48 [acid (5)]
  3294 | D:5      | Slain by a jelly

Illustrated notes

Levels and vault maps discovered:
D:1:      amcnicky_arrival_choice, layout_loops_ring
D:2:      layout_loops_cross, shapermc_ecumenical_altar_ellora, serial_shops,
          shop_fountains, grunt_decor_clamped, uniq_jessica
D:3:      layout_rooms, palyth_stone_intersect
D:4:      nicolae_cairo_tiling_very_big, layout_gridville, gammafunk_ghost_split
D:5:      layout_basic, ebering_ghost_disaster_area

Skill      XL: |  1  2  3  4  5  6  7 |
---------------+----------------------+-----
Fighting       | 3 4 |  4.2
Dodging        | 3 4 |  4.3
Unarmed Combat | 3 4 |  4.2
Shapeshifting  | 4 5 |  5.4

Action                     |  1- 3 |  4- 6 |  7- 9 || total
---------------------------+-------+-------+-------++-------
  Melee: Unarmed           |    33 |       |       ||    33
         Constrict         |    15 |    23 |    11 ||    49
         Tentacles         |    10 |    23 |    16 ||    49
         Short sword       |    22 |   101 |    40 ||   163
         Punch             |       |     6 |       ||     6
  Throw: Dart              |       |     2 |       ||     2
   Stab: Sleeping          |     6 |     9 |     4 ||    19
 Armour: Skin              |       |     1 |       ||     1
  Dodge: Dodged            |    24 |    45 |    19 ||    88

Table legend: (Time is in decaauts)
 A = Elapsed time spent in this place.
 B = Non-inter-level travel time spent in this place.
 C = Inter-level travel time spent in this place.
 D = Time resting spent in this place.
 E = Time spent auto-exploring this place.
 F = Levels seen in this place.
 G = Mean time per level.
                   A        B        C        D        E       F      G
               +--------+--------+--------+--------+--------+-----+--------+
         Total |   3234 |   3138 |     96 |    118 |   2412 |   5 |  646.8 |
       Dungeon |   3234 |   3138 |     96 |    118 |   2412 |   5 |  646.8 |
               +--------+--------+--------+--------+--------+-----+--------+

Top non-repeatable levels by time:
     D:4: 783 daAuts
     D:2: 741 daAuts
     D:1: 714 daAuts
     D:5: 539 daAuts
     D:3: 457 daAuts
